 Dungeon Crawl Stone Soup version 0.20.1-1-g8b1a95d (webtiles) character file.

82 slep the Covered (level 4, 0/36 HPs)
             Began as a Demonspawn Wanderer on Oct 22, 2017.
             Slain by Grinder (3 damage)
             ... on level 3 of the Dungeon.
             The game lasted 00:10:53 (1441 turns).

slep the Covered (Demonspawn Wanderer)              Turns: 1441, Time: 00:10:53

Health: 0/36       AC:  7    Str: 13    XL:     4   Next: 21%
Magic:  4/4        EV:  9    Int: 11    God:
Gold:   65         SH:  3    Dex: 15    Spells: 3/3 levels left

rFire    . . .     SeeInvis .   v - +0 trident
rCold    + . .     Gourm    .   n - +0 buckler
rNeg     . . .     Faith    .   e - +0 ring mail
rPois    .         Spirit   .   (no helmet)
rElec    .         Reflect  .   (no cloak)
rCorr    .         Harm     .   (no gloves)
MR       .....                  (no boots)
Stlth    +.........             k - amulet of regeneration
Regen    0.6/turn               m - ring of wizardry (curse)
MPRegen  0.1/turn               (no ring)

@: no status effects
A: yellow scales 1, cold resistance 1, powered by pain 1
a: no special abilities


You were on level 3 of the Dungeon.
You were not hungry.

You visited 1 branch of the dungeon, and saw 3 of its levels.

You collected 65 gold pieces.

Inventory:

Hand Weapons
 a - a +2 dagger
 c - a +0 hand crossbow
 v - a +0 trident (weapon)
Missiles
 d - 38 bolts
 l - 2 tomahawks (quivered)
Armour
 e - a +0 ring mail (worn)
 n - a +0 buckler (worn)
Jewellery
 k - an amulet of regeneration (around neck)
 m - a cursed ring of wizardry (left hand)
Scrolls
 g - 3 scrolls of magic mapping {unknown}
 i - 2 scrolls of remove curse {unknown}
 j - a scroll of identify {unknown}
 p - a scroll of enchant armour {unknown}
 t - a scroll of immolation {unknown}
Potions
 b - a potion of heal wounds
 h - a potion of ambrosia {unknown}
 r - a potion of experience {unknown}
 u - a potion of agility {unknown}
Comestibles
 f - 4 bread rations
 o - a royal jelly
 q - a meat ration
 s - a chunk of flesh


   Skills:
 + Level 3.6 Fighting
 + Level 1.5 Short Blades
 + Level 1.0 Crossbows
 + Level 4.1 Armour
 + Level 0.5 Dodging
 + Level 2.2 Stealth


You had 3 spell levels left.
You didn't know any spells.

Dungeon Overview and Level Annotations

Branches:
Dungeon (3/15)

Altars:
Fedhas

Annotations:
D:3 Grinder


Innate Abilities, Weirdness & Mutations

You are partially covered in yellow scales. (AC +2)
Your flesh is cold resistant. (rC+)
You sometimes gain a little power by taking damage.


Message History

Grinder hits you but does no damage.
Grinder splashes around in the water.
You can move again.
There is an escape hatch in the ceiling here.
You barely miss Grinder.
Grinder is moderately wounded.
You closely miss Grinder.
Grinder is moderately wounded.
Grinder hits you.
* * * LOW HITPOINT WARNING * * *
You writhe in agony.
* * * LOW HITPOINT WARNING * * *
Grinder closely misses you.
You barely miss Grinder.
Grinder is moderately wounded.
Grinder splashes around in the water.
You hit Grinder but do no damage.
Grinder is moderately wounded.
Grinder hits you.
You die...

### ####..
##....
#######...≈#
<.......P♣≈###
........≈≈..#
#...≈≈♣..##
#..†5@<..#
########.# #


You could see Grinder.

Vanquished Creatures
  A gnoll (D:2)
  An adder (D:2)
  A worm (D:2)
  2 dart slugs
  8 bats
  A giant cockroach (D:1)
  4 goblins (D:1)
  6 hobgoblins
  10 jackals
  2 ball pythons
  4 frilled lizards
  5 kobolds
  12 rats
57 creatures vanquished.

Notes
Turn   | Place    | Note
-------+----------+-------------------------------------------
     0 | D:1      | slep the Demonspawn Wanderer began the quest for the Orb.
     0 | D:1      | slep set off with: a +2 dagger, a potion of heal wounds, a +0 hand crossbow, 23 bolts, a +0 ring mail, a bread ration
     0 | D:1      | Reached XP level 1. HP: 18/18 MP: 1/1
   134 | D:1      | Gained mutation: Your flesh is cold resistant. (rC+) [demonic ancestry]
   134 | D:1      | Reached XP level 2. HP: 18/24 MP: 2/2
   523 | D:1      | Reached skill level 1 in Short Blades
   534 | D:1      | Reached skill level 4 in Armour
   562 | D:1      | Gained mutation: You are partially covered in yellow scales. (AC +2) [demonic ancestry]
   562 | D:1      | Reached XP level 3. HP: 24/29 MP: 3/3
   982 | D:2      | Found a blossoming altar of Fedhas.
  1060 | D:2      | Gained mutation: You sometimes gain a little power by taking damage. [demonic ancestry]
  1060 | D:2      | Reached XP level 4. HP: 28/35 MP: 4/4
  1413 | D:3      | Noticed Grinder
  1417 | D:3      | Paralysed by Grinder for 4 turns
  1425 | D:3      | Paralysed by Grinder for 4 turns
  1434 | D:3      | Paralysed by Grinder for 3 turns
  1441 | D:3      | Slain by Grinder

Skill      XL: |  1  2  3 |
---------------+----------+-----
Short Blades   | 1 |  1.5
Armour         | 4 |  4.1
Stealth        | 2 |  2.2
Fighting       | |  3.6
Crossbows      | |  1.0
Dodging        | |  0.5

Action                   |  1- 3 |  4- 6 || total
-------------------------+-------+-------++-------
Melee: Dagger            |   162 |    12 ||   174
       Trident           |       |    17 ||    17
 Stab: Sleeping          |     4 |       ||     4
  Eat: Chunk             |       |     2 ||     2
Armor: Ring mail         |    74 |     6 ||    80
Dodge: Dodged            |    86 |     7 ||    93
Block: Buckler           |     1 |       ||     1
